 Dungeon Crawl Stone Soup version 0.23-a0-14-g8c9a20f (webtiles) character file.

11 torrenera the Grasshopper (level 2, 0/26 HPs)
             Began as a Gnoll Warper on Aug 2, 2018.
             Succumbed to a gnoll's poison
             ... on level 1 of the Dungeon.
             The game lasted 00:01:18 (227 turns).

torrenera the Grasshopper (Gnoll Warper)             Turns: 227, Time: 00:01:19

Health: 0/26       AC:  3    Str: 13    XL:     2   Next: 25%
Magic:  7/7        EV: 14    Int: 20    God:
Gold:   34         SH:  0    Dex: 14    Spells: 10/10 levels left

rFire    . . .     SeeInvis .   a - +0 falchion
rCold    . . .     Gourm    .   (no shield)
rNeg     . . .     Faith    .   b - +0 leather armour
rPois    .         Spirit   .   (no helmet)
rElec    .         Reflect  .   (no cloak)
rCorr    .         Harm     .   (no gloves)
MR       .....                  (no boots)
Stlth    +.........             (no amulet)
HPRegen  0.08/turn              (no ring)
MPRegen  0.10/turn              (no ring)

@: brilliant, lethally poisoned (0 -> -2)
A: distributed training, fangs 1, strong nose
a: no special abilities


You were on level 1 of the Dungeon.
You were not hungry.

You visited 1 branch of the dungeon, and saw 1 of its levels.

You collected 34 gold pieces.

Inventory:

Hand Weapons
 a - a +0 falchion (weapon)
Missiles
 e - 5 tomahawks of dispersal (quivered)
 k - 22 arrows
Armour
 b - a +0 leather armour (worn)
 i - a +0 ring mail
Scrolls
 d - a scroll of blinking
 h - a scroll of fog {unknown}
 j - a scroll of fear {unknown}
Comestibles
 c - 8 chunks of flesh
 f - 4 rations


   Skills:
 + Level 4.4 Fighting
 + Level 0.3 Short Blades
 + Level 4.4 Long Blades
 + Level 0.3 Axes
 + Level 0.3 Maces & Flails
 + Level 0.3 Polearms
 + Level 0.3 Staves
 + Level 0.3 Slings
 + Level 0.3 Bows
 + Level 0.3 Crossbows
 + Level 2.4 Throwing
 + Level 2.4 Armour
 + Level 4.4 Dodging
 + Level 0.3 Stealth
 + Level 0.3 Shields
 + Level 0.3 Unarmed Combat
 + Level 4.9 Spellcasting
 + Level 0.2 Conjurations
 + Level 0.2 Hexes
 + Level 0.2 Charms
 + Level 0.2 Summonings
 + Level 0.2 Necromancy
 + Level 5.3 Translocations
 + Level 0.2 Transmutations
 + Level 0.2 Fire Magic
 + Level 0.2 Ice Magic
 + Level 0.2 Air Magic
 + Level 0.2 Earth Magic
 + Level 0.2 Poison Magic
 + Level 0.4 Invocations
 + Level 0.3 Evocations


You had 10 spell levels left.
You didn't know any spells.
Your spell library contained the following spells:

 Spells                   Type           Power        Failure   Level  Hunger
 Teleport Other           Tloc           #####...     1%          3    ##.....
 Blink                    Tloc           N/A          1%          2    #......
 Passage of Golubria      Tloc           N/A          1%          4    ####...
 Shroud of Golubria       Chrm/Tloc      ####......   1%          2    #......
 Gell's Gravitas          Tloc           #####.....   1%          3    ##.....
 Lesser Beckoning         Tloc           #####.....   1%          3    ##.....


Dungeon Overview and Level Annotations

Branches:
Dungeon (1/15)

Altars:


Innate Abilities, Weirdness & Mutations

Your experience applies equally to all skills.
You have very sharp teeth.
Your uncanny sense of smell can sniff out nearby items.


Message History

You feel sick.
* * * LOW HITPOINT WARNING * * *
You feel sick.
You don't know any spells.
* * * LOW HITPOINT WARNING * * *
You feel sick.
* * * LOW HITPOINT WARNING * * *
You feel sick.
* * * LOW HITPOINT WARNING * * *
You feel sick.
* * * LOW HITPOINT WARNING * * *
You feel sick.
* * * LOW HITPOINT WARNING * * *
You feel sick.
It was a potion of brilliance.
You feel clever all of a sudden. The gnoll closely misses you.
* * * LOW HITPOINT WARNING * * *
You feel sick.
You die...

##..#### #......###.#.#
###...## #####.....K.....#
.####..#### #.....##..###.###
...###....####.###.#...# #.#
##..#####.##...# #.#...###.#
###..........#####.#...#.#.#
...................g...#...#
........#..#####...###.#..K##
............# ##@### #......#
..........#.# #).# ###....#
..........#.###.## #....#
........#.#.....#########...###
.......##.###.......... #.....#
..#.#####.####.######## #..#..#
..#.# #....##.### #..#..# ..# #
#.........# #..#..## #.#
#.........# #..#...#


You could see a gnoll.

Vanquished Creatures
  2 leopard geckos (D:1)
  3 hobgoblins (D:1)
  A bat (D:1)
  3 rats (D:1)
9 creatures vanquished.

Notes
Turn   | Place    | Note
-------+----------+-------------------------------------------
     0 | D:1      | torrenera the Gnoll Warper began the quest for the Orb.
     0 | D:1      | Reached XP level 1. HP: 20/20 MP: 6/6
    79 | D:1      | Reached XP level 2. HP: 17/26 MP: 7/7
   223 | D:1      | HP: 1/26 [poisoned by a gnoll]
   227 | D:1      | Succumbed to a gnoll's poison

Vault maps used:
D:1:      nzn_arrival_water_spiral

Action                   || total
-------------------------++-------
Melee: Falchion          ||    19
       Bite              ||     2
  Use: Potion            ||     1
Armor: Leather armour    ||     8
Dodge: Dodged            ||    24
       Rpst.: Falchion   ||    10

Table legend:
 A = Spawn XP
 B = Non-spawn XP
 C = Spawn XP percentage of total XP
 D = Spawn monster count
 E = Non-spawn monster count
 F = Spawn count percentage of total count
 G = Total turns spent on level
                    A         B        C        D         E        F      G
               +---------+---------+-------+---------+---------+-------+---------
         Total |       0 |      16 |   0.0 |       0 |       9 |   0.0 |   227
               +---------+---------+-------+---------+---------+-------+---------
           D:1 |       0 |      16 |   0.0 |       0 |       9 |   0.0 |   227
               +---------+---------+-------+---------+---------+-------+---------
